 Dungeon Crawl Stone Soup version 0.28.0-1-gb440e238dd (webtiles) character file.

Game seed: 5541711441757264861

3 cbfl8 the Sneak (level 1, -7/20 HPs)
             Began as a Minotaur Delver on Feb 27, 2022.
             Killed from afar by an orc wizard (14 damage)
             ... with a puff of flame
             ... on level 4 of the Dungeon.
             The game lasted 00:00:27 (123 turns).

cbfl8 the Sneak (Minotaur Delver)                    Turns: 123, Time: 00:00:28

Health: -7/20      AC:  3    Str: 16    XL:     1   Next: 41%
Magic:  0/0        EV: 11    Int:  7    God:
Gold:   22         SH:  0    Dex: 11    Spells: 0/0 levels left

rFire   . . .      SeeInvis .   a - +0 hand axe
rCold   . . .      Faith    .   (no shield)
rNeg    . . .      Spirit   .   b - +0 leather armour
rPois   .          Reflect  .   (helmet restricted)
rElec   .          Harm     .   (no cloak)
rCorr   .          Rampage  .   (no gloves)
Will    .....                   (no boots)
Stlth   ++........              (no amulet)
HPRegen 0.06/turn               (no ring)
MPRegen 0.07/turn               (no ring)

@: no status effects
A: horns 2, retaliatory headbutt
a: no special abilities


You were on level 4 of the Dungeon.
You visited 1 branch of the dungeon, and saw 2 of its levels.

You collected 22 gold pieces.

Inventory:

Hand Weapons
 a - a +0 hand axe (weapon)
Armour
 b - a +0 leather armour (worn)
Wands
 g - a wand of digging (3)
Scrolls
 c - a scroll of fog
 d - a scroll of teleportation {unknown}
 e - a scroll of fear
Potions
 f - a potion of haste


   Skills:
 + Level 3.6 Fighting
 + Level 2.4 Axes
 + Level 2.2 Dodging
 + Level 4.2 Stealth


You couldn't memorise any spells.
You didn't know any spells.
Your spell library was empty.

Dungeon Overview and Level Annotations

Branches:
Dungeon (5/15)
 Temple: D:4-7

Altars:


Innate Abilities, Weirdness & Mutations

You have a pair of horns on your head.
You reflexively headbutt those who attack you in melee.


Message History

The orc wizard flickers and vanishes!
Deactivating autopickup; reactivate with Ctrl-A.
The orc hits you with a +0 dagger.
You barely miss the orc.
The orc is severely wounded.
Unknown command.
You miss something. You miss something. Something hits you.
You closely miss something. Something hits you. x2
Unknown command.
You barely miss something. Something hits you but does no damage.
You hit something. Your headbutt misses something. Something hits you.
Unknown command.
You barely miss something. Your headbutt misses something.
Something hits you but does no damage.
Unknown command.
You miss something. Something hits you.
Unknown command.
You hit something.
Something hits you but does no damage. x2
You miss something.
You hear some strange, mumbled words.
A puff of flame appears from out of thin air!
The puff of flame misses you.
Unknown command.
You hit something. Your headbutt misses something.
You hear some strange, mumbled words.
Something tries to affect you, but you resist.
Unknown command.
You miss something. Something hits you but does no damage.
You hit something. Something hits you.
Unknown command.
You barely miss something. Your headbutt misses something.
Something hits you but does no damage.
Unknown command.
You miss something.
You hear some strange, mumbled words.
A puff of flame appears from out of thin air!
The puff of flame hits you!
Ouch! That really hurt!
You die...

# ## .## ..## ...##
....## #### ....>###
#####...# ....##.#
#.....#
....#..######...@{#
........#..#.?.#.#o#
........#.......## #
........#.....###
.....##.........##
#........##....#.#
.|.....###.......#
.................#
.#..##....####...#


You could see an orc.

Vanquished Creatures
  An adder skeleton (D:4)
1 creature vanquished.

Notes
Turn   | Place    | Note
-------+----------+-------------------------------------------
     0 | D:5      | cbfl8 the Minotaur Delver began the quest for the Orb.
     0 | D:5      | Reached XP level 1. HP: 19/19 MP: 0/0
   107 | D:4      | Noticed an orc wizard
   123 | D:4      | Killed from afar by an orc wizard

Illustrated notes

Levels and vault maps discovered:
D:4:      layout_cave_pools, minmay_temple_entry_hall,
          chequers_serial_rivers_small_a, hangedman_decor_points,
          minmay_manual_monstrance
D:5:      layout_basic, minmay_misc_feat_rows, kennysheep_generic_room_15,
          uniq_pikel

Action                   || total
-------------------------++-------
Melee: Hand axe          ||    22
       Headbutt          ||     2
  Use: Scroll            ||     1
Armor: Leather armour    ||     9
Dodge: Dodged            ||     5
